 Dungeon Crawl Stone Soup version 0.21.1-1-g345015f (webtiles) character file.

4137 diana the Martial Artist (level 10, -1/58 HPs)
             Began as an Octopode Transmuter on May 30, 2018.
             Was a Follower of Ashenzari.
             Slain by a troll (3 damage)
             ... on level 9 of the Dungeon.
             The game lasted 00:20:34 (10324 turns).

diana the Martial Artist (Octopode Transmuter)     Turns: 10324, Time: 00:20:34

Health: -1/58      AC:  7    Str: 10    XL:     10   Next: 27%
Magic:  11/12      EV: 14    Int: 16    God:    Ashenzari [*.....]
Gold:   417        SH:  0    Dex: 17    Spells: 13/14 levels left

rFire    . . .     SeeInvis .     - Unarmed
rCold    . . .     Gourm    +   (no shield)
rNeg     . . .     Faith    .   (helmet restricted)
rPois    .         Spirit   .   x - amulet of the gourmand
rElec    .         Reflect  .   f - +2 ring of dexterity (curse)
rCorr    .         Harm     .   i - +4 ring of protection (curse)
MR       .....                  (no ring)
Stlth    ++++......             (no ring)
HPRegen  0.19/turn              (no ring)
MPRegen  0.13/turn              (no ring)
                                (no ring)
                                (no ring)

@: appendage
A: almost no armour, stealthy swim, amphibious, 8 rings, constrict 8, tentacle
spike 3, slimy green scales 1, camouflage 1, low mp 1, gelatinous body 1
a: End Transformation, Curse Item, Scrying, Renounce Religion


You were on level 9 of the Dungeon.
You worshipped Ashenzari.
Ashenzari was aware of your devotion.
You were not hungry.
One of your tentacles had a temporary spike.
You visited 1 branch of the dungeon, and saw 9 of its levels.
You also visited: Ossuary.

You collected 417 gold pieces.

Inventory:

Missiles
 a - 145 arrows
 o - a throwing net (quivered)
Jewellery
 f - a cursed +2 ring of dexterity (left tentacle)
 i - a cursed +4 ring of protection (right tentacle)
 x - an amulet of the gourmand (around mantle)
Wands
 s - a wand of iceblast (8)
 F - a wand of acid (3)
Scrolls
 e - 6 scrolls of identify
 g - 3 scrolls of amnesia {unknown}
 m - 2 scrolls of enchant armour {unknown}
 n - 4 scrolls of immolation {unknown}
 p - 5 scrolls of teleportation {unknown}
 q - 2 scrolls of noise {unknown}
 r - 4 scrolls of enchant weapon {unknown}
 t - a scroll of remove curse
 y - 2 scrolls of magic mapping {unknown}
Potions
 d - 2 potions of heal wounds
 h - a potion of resistance
 j - 2 potions of invisibility
 k - 8 potions of curing
 l - 4 potions of degeneration
 u - a potion of experience {unknown}
 v - 2 potions of might
 w - a potion of ambrosia {unknown}
 z - a potion of haste {unknown}
 A - a potion of agility {unknown}
 B - 3 potions of flight {unknown}
 D - a potion of magic {unknown}
 E - a potion of cancellation {unknown}
Books
 b - a book of Changes

   Spells                             Type                      Level
   a - Beastly Appendage              Transmutation                1
   b - Sticks to Snakes               Transmutation                2
   c - Spider Form                    Transmutation/Poison         3
   d - Ice Form                       Ice/Transmutation            4
   e - Blade Hands                    Transmutation                5
 C - a book of Callings

   Spells                             Type                      Level
   a - Summon Small Mammal            Summoning                    1
   b - Call Imp                       Summoning                    2
   c - Call Canine Familiar           Summoning                    3
   d - Summon Guardian Golem          Hexes/Summoning              3
   e - Summon Lightning Spire         Summoning/Air                4
   f - Summon Ice Beast               Ice/Summoning                4
Comestibles
 c - 7 rations


   Skills:
 - Level 1.2 Fighting
 - Level 2.6 Dodging
 - Level 4.4 Stealth
 * Level 11.7 Unarmed Combat
 - Level 2.6 Spellcasting
 + Level 8.1 Transmutations


You had 13 spell levels left.
You knew the following spells:

 Your Spells              Type           Power        Failure   Level  Hunger
a - Beastly Appendage     Tmut           ####..       1%          1    #......


Dungeon Overview and Level Annotations

Branches:
Dungeon (9/15)             Temple (0/1) D:4
   Lair: D:8-11         Orc: D:9-12

Altars:
Ashenzari
Cheibriados
Dithmenos
Elyvilon
Makhleb
Nemelex Xobeh
Okawaru
Qazlal
Sif Muna
Yredelemnul
The Shining One

Annotations:
D:8 vatarom's ghost, novice TrMo


Innate Abilities, Weirdness & Mutations

You cannot wear most types of armour.
You are very stealthy in the water. (Stealth+)
You are amphibious.
You can wear up to eight rings at the same time.
You can use your tentacles to constrict eight enemies at once.
Your skin changes colour to match your surroundings (Stealth+).
Your rubbery body absorbs attacks. (AC +1, EV +1)
One of your tentacles bears a large vicious spike.
You are partially covered in slimy green scales. (AC +2)
Your magical capacity is low. (-10% MP)


Message History

You are too injured to fight recklessly!
You are too injured to fight recklessly!
You are too injured to fight recklessly!
You closely miss the troll.
You pierce the troll.
The troll is lightly wounded.
You bludgeon the troll!
You pierce the troll, but do no damage.
You tentacle-slap the troll!
You squeeze the troll, but do no damage.
The troll is heavily wounded.
The troll closely misses you. The troll barely misses you.
The troll closely misses you.
You bludgeon the troll!
Your tentacle spike misses the troll.
You tentacle-slap the troll. Your squeeze misses the troll.
The troll is severely wounded.
The troll bites you!
* * * LOW HITPOINT WARNING * * *
The troll claws you!
* * * LOW HITPOINT WARNING * * *
The troll claws you.
You die...

......... .........
##### #.......
#.....#.....# ..
#.....#.....#
....#.....'.....#
#....#######...#
#..............#
#.............@#
#.............T###
...............<...
....................
..................##
..
..####'##........#
....
#.....#........#
....###
#...>.#..##'##.#
#....... #.....#..#
..#.# #.......


You could see a troll.

Vanquished Creatures
  The ghost of appiemonkey the Vandal, a novice HaFi of Okawaru (D:6)
  2 hippogriffs
  Sigmund (D:2)
  A wyvern (D:8)
  Duvessa (D:7)
  2 ice beasts
  An orc warrior (D:9)
  2 sky beasts
  3 ogres
  The ghost of Curus the Changer, an amateur MfTm (D:3)
  4 bullfrogs
  A wyvern zombie (D:6)
  Dowan (D:7)
  3 water moccasin zombies (Ossuary)
  5 scorpions
  4 wights
  A centaur zombie (D:7)
  A crimson imp (D:7)
  A bullfrog zombie (D:5)
  4 hounds
  2 orc priests
  3 jellies
  5 orc wizards
  2 bullfrog skeletons
  Natasha (twice) (D:2)
  5 worker ants
  3 big kobold zombies (Ossuary)
  A hound zombie (D:5)
  2 mummies (Ossuary)
  A worker ant zombie (D:6)
  Robin (D:4)
  6 adders
  7 gnolls
  A shadow imp (D:6)
  An adder skeleton (D:8)
  5 adder zombies
  2 worms
  2 dart slugs
  5 leopard geckos
  27 orcs
  5 giant cockroaches
  2 gnoll zombies (Ossuary)
  15 goblins
  7 hobgoblins
  11 jackals
  A quokka (D:2)
  A ball python (D:4)
  6 bats
  7 frilled lizards
  8 hobgoblin zombies (Ossuary)
  13 kobolds
  3 kobold zombies (Ossuary)
  A leopard gecko skeleton (D:6)
  7 orc zombies (Ossuary)
  5 rats
215 creatures vanquished.

Notes
Turn   | Place    | Note
-------+----------+-------------------------------------------
     0 | D:1      | diana the Octopode Transmuter began the quest for the Orb.
     0 | D:1      | Reached XP level 1. HP: 13/13 MP: 3/3
   343 | D:1      | Reached XP level 2. HP: 14/18 MP: 3/5
   408 | D:1      | Reached skill level 1 in Stealth
   739 | D:1      | Reached XP level 3. HP: 23/23 MP: 6/6
  1046 | D:2      | Noticed Sigmund
  1055 | D:2      | Killed Sigmund
  1055 | D:2      | Reached skill level 4 in Unarmed Combat
  1055 | D:2      | Reached XP level 4. HP: 11/28 MP: 5/7
  1055 | D:2      | Reached XP level 5. HP: 13/33 MP: 5/8
  1333 | D:2      | Noticed Natasha
  1340 | D:2      | Killed Natasha
  1986 | D:2      | Noticed Natasha
  2000 | D:2      | Killed Natasha
  2000 | D:2      | Reached XP level 6. HP: 33/38 MP: 7/10
  2133 | D:3      | Gained mutation: You can translocate small distances at will. [potion of mutation]
  2133 | D:3      | Gained mutation: Your flesh is cold resistant. (rC+) [potion of mutation]
  2495 | D:3      | Reached skill level 5 in Unarmed Combat
  2759 | D:3      | Noticed Curus's ghost (amateur MfTm)
  2780 | D:3      | Killed Curus's ghost
  3353 | D:3      | Found a sparkling altar of Nemelex Xobeh.
  3360 | D:3      | Found a shattered altar of Ashenzari.
  3365 | D:3      | Found a burning altar of Makhleb.
  3372 | D:3      | Found a stormy altar of Qazlal.
  3377 | D:3      | Found a snail-covered altar of Cheibriados.
  3384 | D:3      | Found a basalt altar of Yredelemnul.
  3398 | D:3      | Became a worshipper of Ashenzari the Shackled
  3410 | D:3      | Found an iron altar of Okawaru.
  3582 | D:4      | Noticed Robin
  3872 | D:4      | Killed Robin
  3872 | D:4      | Reached XP level 7. HP: 29/43 MP: 11/11
  3912 | D:4      | Found a staircase to the Ecumenical Temple.
  3939 | D:4      | Reached skill level 6 in Unarmed Combat
  4179 | D:4      | Found a white marble altar of Elyvilon.
  4180 | D:4      | Found a deep blue altar of Sif Muna.
  4181 | D:4      | Found a glowing golden altar of the Shining One.
  4182 | D:4      | Found a shadowy altar of Dithmenos.
  5198 | D:5      | Entered Level 5 of the Dungeon
  5210 | D:5      | Reached skill level 7 in Unarmed Combat
  5210 | D:5      | Reached XP level 8. HP: 48/48 MP: 12/12
  5989 | D:5      | Reached skill level 5 in Transmutations
  6091 | D:6      | Reached skill level 8 in Unarmed Combat
  6145 | D:6      | Found a sand-covered staircase.
  6150 | Ossuary  | Entered an ossuary
  6584 | Ossuary  | Lost mutation: Your flesh is cold resistant. (rC+) [potion of mutation]
  6584 | Ossuary  | Lost mutation: You can translocate small distances at will. [potion of mutation]
  6584 | Ossuary  | Gained mutation: Your magical capacity is low. (-10% MP) [potion of mutation]
  6584 | Ossuary  | Gained mutation: You are partially covered in slimy green scales. (AC +2) [potion of mutation]
  7039 | D:6      | Noticed appiemonkey's ghost (novice HaFi)
  7057 | D:6      | Reached skill level 9 in Unarmed Combat
  7338 | D:6      | Killed appiemonkey's ghost
  7338 | D:6      | Reached XP level 9. HP: 36/53 MP: 11/11
  7682 | D:6      | Reached skill level 10 in Unarmed Combat
  8693 | D:7      | Noticed Dowan
  8694 | D:7      | Noticed Duvessa
  8709 | D:7      | Killed Duvessa
  8728 | D:7      | Killed Dowan
  9047 | D:7      | Reached skill level 11 in Unarmed Combat
  9148 | D:7      | Reached * piety under Ashenzari
  9153 | D:7      | Reached XP level 10. HP: 35/58 MP: 12/12
  9896 | D:8      | Noticed vatarom's ghost (novice TrMo)
 10324 | D:9      | HP: 2/58 [troll (7)]
 10324 | D:9      | Slain by a troll

Skill      XL: |  1  2  3  4  5  6  7  8  9 10 |
---------------+-------------------------------+-----
Stealth        | 1 3 4 |  4.4
Unarmed Combat | 4 5 7 9 11 | 11.7
Transmutations | 3 4 6 7 8 |  8.1
Fighting       | |  1.2
Dodging        | |  2.6
Spellcasting   | |  2.6

Action                   |  1- 3 |  4- 6 |  7- 9 | 10-12 || total
-------------------------+-------+-------+-------+-------++-------
Melee: Unarmed           |    50 |   133 |   373 |    51 ||   607
       Constrict         |    14 |    27 |    84 |     9 ||   134
       Tentacles         |     6 |    12 |    79 |    12 ||   109
       Kick              |     4 |    18 |   113 |    16 ||   151
       Punch             |       |     4 |    25 |     9 ||    38
 Cast: Beastly Appendage |     6 |     7 |    42 |     7 ||    62
Invok: Curse Item        |       |     1 |     1 |       ||     2
  Use: Potion            |       |     1 |     2 |       ||     3
       Scroll            |       |       |     4 |       ||     4
 Stab: Sleeping          |     6 |    12 |    17 |     4 ||    39
  Eat: Chunk             |       |     3 |     3 |     4 ||    10
       Ration            |       |     2 |     4 |       ||     6
Armor: Skin              |     8 |    30 |    87 |    10 ||   135
Dodge: Dodged            |    27 |    89 |   253 |    23 ||   392
